 Dungeon Crawl Stone Soup version 0.28.0-53-g5a82cb258f (webtiles) character file.

Game seed: 14282870636695855299

79 formulos the Chopper (level 4, -3/38 HPs)
             Began as a Minotaur Gladiator on Aug 18, 2022.
             Killed by nerve-wracking pain
             ... invoked by Grinder
              (5 damage)
             ... on level 3 of the Dungeon.
             The game lasted 00:15:53 (3121 turns).

formulos the Chopper (Minotaur Gladiator)           Turns: 3121, Time: 00:15:54

Health: -3/38      AC:  5    Str: 27    XL:     4   Next: 16%
Magic:  3/3        EV: 12    Int:  5    God:
Gold:   70         SH:  0    Dex: 11    Spells: 3/3 levels left

rFire   . . .      SeeInvis .   a - +0 war axe
rCold   . . .      Faith    .   (no shield)
rNeg    . . .      Spirit   .   b - +0 leather armour
rPois   .          Reflect  .   c - +0 hat
rElec   .          Harm     .   j - +0 cloak
rCorr   .          Rampage  .   m - +0 pair of gloves
Will    .....                   (no boots)
Stlth   +.........              (no amulet)
HPRegen 0.12/turn               s - +6 ring of strength
MPRegen 0.08/turn               (no ring)

@: no status effects
A: horns 2, retaliatory headbutt
a: no special abilities


You were on level 3 of the Dungeon.
You visited 1 branch of the dungeon, and saw 3 of its levels.

You collected 70 gold pieces.

Inventory:

Hand Weapons
 a - a +0 war axe (weapon)
Missiles
 e - 74 stones (quivered)
Armour
 b - a +0 leather armour (worn)
 c - a +0 hat (worn)
 j - a +0 cloak (worn)
 m - a +0 pair of gloves (worn)
 r - a +0 ring mail
Jewellery
 s - a +6 ring of strength (left hand)
Scrolls
 i - 2 scrolls of fog {unknown}
 n - a scroll of identify {unknown}
 q - a scroll of enchant armour {unknown}
Potions
 f - a potion of heal wounds {unknown}
 g - a potion of berserk rage {unknown}
 h - 4 potions of curing
 k - 2 potions of might {unknown}
 l - a potion of degeneration {unknown}
 o - a potion of haste {unknown}
 p - a potion of attraction {unknown}


   Skills:
 * Level 3.2 Fighting
 + Level 5.1 Axes
 + Level 2.1 Throwing
 + Level 1.4 Armour
 - Level 3.3 Dodging
 + Level 0.1 Stealth


You had 3 spell levels left.
You didn't know any spells.
Your spell library was empty.

Dungeon Overview and Level Annotations

Branches:
Dungeon (3/15)

Altars:
Sif Muna

Annotations:
D:3 Grinder


Innate Abilities, Weirdness & Mutations

You have a pair of horns on your head.
You reflexively headbutt those who attack you in melee.


Message History

You slash Grinder!
Grinder is heavily wounded.
Grinder hits you.
You barely miss Grinder.
Grinder is heavily wounded.
Grinder barely misses you.
You closely miss Grinder. You headbutt Grinder, but do no damage.
Grinder is moderately wounded.
Grinder barely misses you. Grinder closely misses you.
You barely miss Grinder.
Grinder is moderately wounded.
Grinder hits you!
You hit Grinder.
Grinder is heavily wounded.
Grinder hits you.
You barely miss Grinder.
Grinder is heavily wounded.
Grinder gestures at you.
You suddenly lose the ability to move!
Grinder hits you but does no damage.
You can move again.
You closely miss Grinder.
Grinder is heavily wounded.
Grinder hits you but does no damage. Grinder hits you.
* * * LOW HITPOINT WARNING * * *
You writhe in agony.
* * * LOW HITPOINT WARNING * * *
You barely miss Grinder.
Grinder is heavily wounded.
Grinder hits you.
* * * LOW HITPOINT WARNING * * *
You slash Grinder!
Grinder is almost dead.
Grinder hits you.
* * * LOW HITPOINT WARNING * * *
You barely miss Grinder.
Grinder is almost dead.
Grinder gestures at you. Pain shoots through your body!
You die...

# ########.##.##.# #...#### #
#######.##.##.# #....... #
#.....#....(..########...###.
#.....###.......##...........
#............................
#>..........##(.#....).......
#....(..........#.####..[###.
## #####.....#..##.#.#
#..)..รท. .# ##......@...#.#
#..)#### .# ######.5.....#
##.)<##.. .####
##.########.#.###.# ....#
#####.# ##.#..# #.# .##.#
####.....# #.#...# #.# .##.#
#.......########...## #.#
.##.#####.##.##.##.......<##
#.# ###..........##.##....##..#
#..
#######.#####.##..#.##..#######


You could see Grinder.

Vanquished Creatures
  4 gnolls
  A dart slug (D:2)
  2 orcs (D:3)
  6 bats
  3 endoplasms (D:2)
  7 goblins
  A hobgoblin (D:1)
  2 kobolds
  4 ball pythons
  2 frilled lizards
  3 rats (D:2)
35 creatures vanquished.

Vanquished Creatures (others)
  A fungus (D:2)
1 creature vanquished.

Grand Total: 36 creatures vanquished

Notes
Turn   | Place    | Note
-------+----------+-------------------------------------------
     0 | D:1      | formulos the Minotaur Gladiator began the quest for the
                  | Orb.
     0 | D:1      | Reached XP level 1. HP: 18/18 MP: 0/0
   309 | D:1      | Reached skill level 4 in Axes
   514 | D:1      | Reached XP level 2. HP: 25/25 MP: 1/1
   965 | D:2      | Found a faded altar of an unknown god.
  1301 | D:3      | Reached XP level 3. HP: 29/30 MP: 2/2
  1661 | D:3      | Found a shimmering blue altar of Sif Muna.
  1742 | D:2      | Reached skill level 1 in Armour
  1789 | D:3      | Reached skill level 5 in Axes
  2015 | D:3      | Reached XP level 4. HP: 20/38 MP: 3/3
  2591 | D:3      | Noticed Grinder
  2798 | D:3      | Paralysed by Grinder for 7 turns
  3107 | D:3      | Paralysed by Grinder for 2 turns
  3116 | D:3      | Paralysed by Grinder for 2 turns
  3121 | D:3      | Killed from afar by Grinder

Illustrated notes

Levels and vault maps discovered:
D:1:      dpeg_arrival_yet_another_circle, layout_loops_ring, minmay_surrounded
D:2:      layout_basic, shapermc_ecumenical_altar_mp_urbaneastern
D:3:      layout_loops_cross, nicolae_sif_muna_condensation,
          kennysheep_generic_room_4, uniq_grinder

Skill      XL: |  1  2  3 |
---------------+----------+-----
Axes           | 4 5 |  5.1
Fighting       | 3 |  3.2
Armour         | 1 |  1.4
Throwing       | |  2.1
Dodging        | |  3.3
Stealth        | |  0.1

Action                   |  1- 3 |  4- 6 || total
-------------------------+-------+-------++-------
Melee: War axe           |    71 |    19 ||    90
       Headbutt          |    10 |     1 ||    11
       Punch             |       |     1 ||     1
Throw: Throwing net      |       |     4 ||     4
  Use: Potion            |     1 |       ||     1
Armor: Leather armour    |    24 |     5 ||    29
Dodge: Dodged            |    47 |     8 ||    55
